 Dungeon Crawl Stone Soup version 0.31.0-32-g396128a36d (webtiles) character file.

Game seed: 11178213164491688342

93076 AgateBread the Warrior (level 15, -7/176 HPs)
             Began as a Pale Draconian Shapeshifter on Apr 10, 2024.
             Was an Initiate of Gozag.
             Mangled by a salamander tyrant (29 damage)
             ... on level 4 of the Snake Pit on Apr 11, 2024.
             The game lasted 02:39:16 (27827 turns).

AgateBread the Warrior (DrSh)                      Turns: 27827, Time: 02:39:18

Health: -7/176     AC: 15    Str: 31    XL:     15   Next: 59%
Magic:  0/24       EV: 14    Int: 12    God:    Gozag
Gold:   326        SH:  8    Dex: 13    Spells: 19/26 levels left

rFire   . .          .
                       - Unarmed
rCold   . . .        (shield currently unavailable)
rNeg    . . .        (body armour unavailable)
rPois   +            (helmet currently unavailable)
rElec   .            (cloak currently unavailable)
rCorr   .            (gloves currently unavailable)
SInv    .            (boots currently unavailable)
Will    +....        o - brooch of Shielding {Spirit SH+8}
Stlth   +            V - +4 ring of protection
HPRegen 0.49/turn    w - +6 ring of strength
MPRegen 0.19/turn

%: guardian spirit
@: mighty, about to teleport, snake-form, weakened, gold aura, hasted, bribing
[the Snake Pit], very quick
A: constrict, boosted hp, (breathe steam), AC +9, large, unfitting armour,
(cold-blooded), (steam resistance)
a: Begin Untransformation, Renounce Religion, Potion Petition, Call Merchant,
Bribe Branch


You were on level 4 of the Snake Pit.
You worshipped Gozag.
Gozag was aware of your devotion.
You were an enormous serpent.
You visited 4 branches of the dungeon, and saw 23 of its levels.
You visited 1 bazaar.
You also visited: Ossuary and Bailey.

You collected 8789 gold pieces.
You spent 3110 gold pieces at shops.
You paid 5353 gold pieces to Gozag.

Inventory:

Hand Weapons
 r - the +5 sling "Vicihexo" {speed, rElec Will+++ Int-3 Dex-4}
   (You found it on level 3 of the Dungeon)

   Int-3:     It affects your intelligence (-3).
   Dex-4:     It affects your dexterity (-4).
   rElec:     It insulates you from electricity.
   Will+++:   It greatly increases your willpower.
 P - the +9 longbow of the Modern Stories {freeze, rCorr Int+4}
   (You found it in a bailey)

   Int+4:     It affects your intelligence (+4).
   rCorr:     It protects you from acid and corrosion.
Missiles
 G - 4 throwing nets
Armour
 F - a +1 cloak
 K - the +2 hat of the First Realms {Dex+5}
   (You bought it in a shop on level 2 of the Orcish Mines)

   Dex+5:     It affects your dexterity (+5).
 L - +0 steam dragon scales
 N - a +0 pair of gloves
 Q - a +1 tower shield of protection
Jewellery
 f - a +5 ring of evasion
 k - a ring of protection from fire
 o - the brooch of Shielding (around neck) {Spirit SH+8}
   (You found it on level 2 of the Dungeon)

   [amulet of guardian spirit]

   Spirit:    It causes incoming damage to be divided between your reserves of
   health and magic.
   SH+8:      It affects your SH (+8).
 t - a ring of protection from cold
 v - a +4 ring of protection
 w - a +6 ring of strength (right hand)
 M - a ring of protection from cold
 S - the ring "Duso" {rN+ Int+6 SInv}
   (You found it on level 8 of the Dungeon)

   [ring of intelligence]

   Int+6:     It affects your intelligence (+6).
   rN+:       It protects you from negative energy.
   SInv:      It lets you see invisible.
 U - a ring of resist corrosion
 V - a +4 ring of protection (left hand)
Talismans
 b - a maw talisman
 c - a flux talisman
 p - a blade talisman
 E - a serpent talisman (active)
Wands
 s - a wand of acid (1)
 z - a wand of flame (8)
 B - a wand of paralysis (11)
 X - a wand of roots (3)
 Y - a wand of polymorph (4)
Scrolls
 g - a scroll of poison
 m - 10 scrolls of teleportation
 n - 2 scrolls of blinking
 x - 4 scrolls of revelation
 y - a scroll of amnesia
 I - 2 scrolls of fog
 J - 4 scrolls of immolation
 O - 4 scrolls of enchant armour
 T - 2 scrolls of identify
 W - a scroll of brand weapon
Potions
 a - 3 potions of lignification
 d - 4 potions of brilliance
 e - 7 potions of curing
 i - 3 potions of attraction
 j - 6 potions of enlightenment
 l - 3 potions of haste
 q - 3 potions of resistance
 A - 2 potions of magic
 C - 2 potions of invisibility
 D - 3 potions of berserk rage
 H - a potion of might
 R - 4 potions of ambrosia
 Z - a potion of cancellation


   Skills:
 - Level 17.2 Fighting
 - Level 10.0 Dodging
 - Level 14.0 Unarmed Combat
 + Level 6.1 Spellcasting
 - Level 8.0 Conjurations
 - Level 4.6 Translocations
 + Level 6.4 Fire Magic
 - Level 13.4 Shapeshifting


You had 19 spell levels left.
You knew the following spells:

 Your Spells              Type           Power      Damage    Failure   Level
a - Blink                 Tloc           28%        N/A       4%          2
b - Fireball              Conj/Fire      10%        3d6       26%         5

Your spell library contained the following spells:

 Spells                   Type           Power      Damage    Failure   Level
 Momentum Strike          Conj/Tloc      36%        3d9       1%          2
 Lesser Beckoning         Tloc           28%        N/A       4%          2
 Necrotise                Necr           12%        1d4       19%         1
 Mephitic Cloud           Conj/Alch/Air  10%        N/A       19%         3
 Iskenderun's Battlesphe  Conj           22%        2d8       19%         5
 Cigotuvi's Dreadful Rot  Necr/Alch/Air  6%         N/A       26%         2
 Mercury Vapours          Alch/Air       6%         N/A       26%         2
 Passage of Golubria      Tloc           14%        N/A       26%         4
 Brom's Barrelling Bould  Conj/Erth      13%        2d4       34%         4
 Tukima's Dance           Hex            3%         N/A       47%         3
 Vampiric Draining        Necr           3%         2d6       47%         3
 Freezing Cloud           Conj/Ice/Air   5%         6-21      86%         5
 Dispel Undead            Necr           3%         3d7       87%         4
 Martyr's Knell           Necr/Summ      3%         N/A       87%         4
 Curse of Agony           Necr           3%         N/A       99%         5
 Yara's Violent Unravell  Hex/Alch       1%         3d3       99%         5
 Conjure Ball Lightning   Conj/Air       6%         3x3d6     99%         6
 Orb of Destruction       Conj           11%        9d6       99%         7
 Death Channel            Necr           1%         N/A       100%        6


Dungeon Overview and Level Annotations

Branches:
Dungeon (12/15)            Temple (0/1) D:7            Lair (5/5) D:11
  Swamp (0/4) Lair:3        Snake (4/4) Lair:2        Slime (0/5) Lair:4
    Orc (2/2) D:12            Elf (0/3) Orc:2       Ossuary (visited)
 Bailey (visited)

Altars:
Dithmenos
Fedhas
Gozag
Kikubaaqudgha
Makhleb
Qazlal
Trog
Uskayaw
Vehumet
Xom
Jiyva

Shops:
D:10 =   D:11 !   Orc:2 (![:   Lair:5 *

Annotations:
Lair:5 2 transporters, Prival's ghost, journeyman DsCj
Snake:2 Jorgrun


Innate Abilities, Weirdness & Mutations

You are an enormous serpent.
You have a powerful constriction melee attack.
Your maximum health is increased.
Your armour is entirely melded.
You are incapable of wielding weapons or throwing items.
((You can breathe blasts of scalding, opaque steam.))
((Your pale cyan-grey scales are hard. (AC +9)))
You cannot fit into any form of body armour.
((You are cold-blooded and may be slowed by cold attacks.))
((You are immune to the effects of steam.))


Message History

* * * LOW HITPOINT WARNING * * *
You hear a shout!
You feel much better.
You constrict the salamander tyrant.
You feel sick. The black mamba bites you.
* * * LOW HITPOINT WARNING * * *
The nagaraja is distracted by your dazzling golden aura.
Okay, then.
Okay, then.
You feel better.
You constrict the salamander tyrant. The black mamba bites you.
* * * LOW HITPOINT WARNING * * *
The salamander tyrant hits you.
* * * LOW HITPOINT WARNING * * *
You are engulfed in flames!
* * * LOW HITPOINT WARNING * * *
You feel better.
You constrict the salamander tyrant! The black mamba closely misses you.
The naga warrior is distracted by your dazzling golden aura.
The black mamba barely misses you.
The naga sharpshooter is distracted by your dazzling golden aura.
The salamander tyrant gazes fiercely through you!
You feel as though you will be weak longer.
The salamander tyrant misses you.
The naga warrior shouts!
You constrict the salamander tyrant!
The nagaraja shouts!
The nagaraja is no longer distracted by gold.
The naga no longer looks unusually strong.
The black mamba bites you.
* * * LOW HITPOINT WARNING * * *
The salamander tyrant barely misses you.
You constrict the salamander tyrant.
The black mamba bites you but does no damage.
The salamander tyrant gazes fiercely through you!
You feel as though you will be weak longer.
The salamander tyrant hits you.
* * * LOW HITPOINT WARNING * * *
You are engulfed in flames!!
You die...
Your body crumbles into a pile of gold.

. .[ ... .... .....
######......
#####.NNSSN.....
####......N#NN.....
###..........#N......
##.......N.N..........
#..........#####....?.
##....N..####


NN.... #.....#.## ...#.. #.....#.## ...... #..N....## You could see a nagaraja
(fast), a naga warrior, a naga sharpshooter (strong), 2 salamander tyrants, a
black mamba, a naga mage and 5 nagas.

Vanquished Creatures
  A nagaraja (Snake:3)
  An eleionoma (Lair:3)
  2 hydras (Lair:4)
  Harold (D:10)
  2 ogre magi (Orc:2)
  A salamander tyrant (Snake:3)
  A merfolk avatar (Lair:5)
  15 anacondas
  3 two-headed ogres (D:12)
  5 naga warriors
  3 shock serpents
  An orc high priest (Orc:1)
  Urug (Lair:2)
  3 naga sharpshooters
  Nergalle (Orc:2)
  2 skysharks (Lair:5)
  A sea snake (Lair:5)
  2 mana vipers (Snake:3)
  A naga ritualist (Snake:3)
  Pikel (D:5)
  A harpy (Lair:5)
  2 orc knights (Orc:1)
  9 orc sorcerers
  Maurice (D:12)
  5 salamanders
  A cyclops (Orc:2)
  3 manticores
  5 kobold blastminers
  4 guardian serpents (Snake:4)
  22 black mambas
  14 elephants
  A torpor snail (Lair:2)
  6 naga magi
  3 rime drakes
  Maggie (D:7)
  12 cane toads
  5 komodo dragons
  A kobold demonologist (D:11)
  An unseen horror (D:10)
  3 trolls
  2 hornets
  2 polar bears
  39 blink frogs
  A snapping turtle (Lair:5)
  3 shadows
  2 wraiths (D:11)
  A vampire (D:9)
  4 wyverns
  3 basilisks
  37 yaks
  3 wargs
  2 vampire mosquitoes (D:12)
  A steam dragon (Lair:4)
  18 nagas
  An acid dragon (D:12)
  10 water moccasins
  A black bear (Lair:1)
  2 sky beasts
  15 orc warriors
  3 ice beasts
  11 ogres
  15 wolves
  6 centaurs
  A phantom (D:5)
  2 lemures (D:5)
  10 kobold brigands
  3 gnoll sergeants
  13 bullfrogs
  7 scorpions
  5 wights
  A howler monkey (D:6)
  2 centaur zombies (Ossuary)
  A lava snake (D:9)
  A bombardier beetle (D:6)
  A crimson imp (D:8)
  3 jellies
  A gnoll bouda (D:8)
  9 hounds
  7 orc priests
  4 sleepcaps
  25 orc wizards
  3 crocodile zombies (Ossuary)
  A mummy (Ossuary)
  18 gnolls
  5 adders
  2 dart slugs (D:2)
  2 ribbon worms (D:2)
  52 orcs
  6 endoplasms
  6 giant cockroaches
  A gnoll zombie (Ossuary)
  9 goblins
  10 hobgoblins
  2 jackals (D:8)
  24 kobolds
  6 quokkas
  7 ball pythons
  4 bats
  3 frilled lizards
  3 kobold zombies (Ossuary)
  5 rats
595 creatures vanquished.

Vanquished Creatures (collateral kills)
  A hydra (Lair:5)
  A two-headed ogre (D:9)
  A black mamba (Lair:5)
  A rime drake (Lair:5)
  2 komodo dragons (Lair:5)
  A hornet (Lair:5)
  An ogre (Orc:2)
  6 orc wizards (Orc:2)
  A crocodile zombie (Ossuary)
  A mummy (Ossuary)
  An orc (Orc:2)
  2 gnoll zombies (Ossuary)
19 creatures vanquished.

Vanquished Creatures (others)
  2 orc wizards (Orc:2)
2 creatures vanquished.

Grand Total: 616 creatures vanquished

Notes
Turn   | Place    | Note
-------+----------+-------------------------------------------
     0 | D:1      | AgateBread the Draconian Shapeshifter began the quest for
                  | the Orb.
     0 | D:1      | Reached XP level 1. HP: 16/16 MP: 1/1
   246 | D:1      | Reached XP level 2. HP: 24/24 MP: 2/2
   291 | D:1      | Reached skill level 2 in Fighting
   748 | D:1      | Reached XP level 3. HP: 30/30 MP: 3/3
   957 | D:2      | Found a faded altar of an unknown god.
  1048 | D:2      | Reached skill level 3 in Fighting
  1236 | D:2      | Reached XP level 4. HP: 38/38 MP: 4/4
  1294 | D:2      | Found the brooch of Shielding {Spirit SH+8}
  1565 | D:3      | Identified the +5 sling "Vicihexo" {speed, rElec Will+++
                  | Int-3 Dex-4}
  1578 | D:3      | Found a shadowy altar of Dithmenos.
  1933 | D:3      | Found an opulent altar of Gozag.
  1959 | D:3      | Became a worshipper of Gozag Ym Sagoz the Greedy
  2266 | D:3      | Reached XP level 5. HP: 44/46 MP: 3/5
  2397 | D:4      | Noticed an ogre
  2475 | D:4      | Found a sand-covered staircase.
  2500 | Ossuary  | Entered an ossuary
  2525 | Ossuary  | Reached skill level 4 in Fighting
  2556 | Ossuary  | Reached skill level 5 in Unarmed Combat
  2590 | Ossuary  | Reached XP level 6. HP: 31/53 MP: 6/6
  2776 | D:4      | Reached skill level 5 in Fighting
  2954 | D:4      | You fall into a shaft and drop 3 floors!
  2954 | D:7      | Found a staircase to the Ecumenical Temple.
  3074 | D:6      | Your scales start taking on a pale cyan-grey colour.
  3074 | D:6      | Reached XP level 7. HP: 62/62 MP: 7/7
  3074 | D:6      | Gained mutation: You are immune to the effects of steam.
                  | [Pale Draconian growth]
  3127 | D:6      | Reached skill level 6 in Fighting
  3308 | D:6      | Found a stormy altar of Qazlal.
  3541 | D:6      | Reached skill level 7 in Fighting
  3635 | D:6      | Reached XP level 8. HP: 65/73 MP: 6/8
  3936 | D:5      | Entered Level 5 of the Dungeon
  4179 | D:5      | Noticed Pikel
  4200 | D:5      | Reached skill level 5 in Shapeshifting
  4229 | D:5      | Killed Pikel
  4230 | D:5      | Reached skill level 8 in Fighting
  4980 | D:5      | Reached XP level 9. HP: 44/81 MP: 5/9
  5195 | D:5      | Reached XP level 10. HP: 88/88 MP: 10/10
  5926 | D:7      | Noticed Maggie
  5936 | D:7      | Killed Maggie
  6195 | D:8      | Found a shimmering altar of Xom.
  6252 | D:8      | Found a flagged portal.
  6278 | Bailey   | Entered a bailey
  6581 | Bailey   | Identified the +0 ring mail "Enigag" {rPois Dex+3}
  6609 | Bailey   | Found a burning altar of Makhleb.
  6634 | Bailey   | Identified the +9 longbow of the Modern Stories {freeze,
                  | rCorr Int+4}
  7278 | D:8      | Identified the ring "Duso" {rN+ Int+6 SInv}
  7625 | D:8      | Found a burning altar of Makhleb.
  7997 | D:9      | Noticed a two-headed ogre
  8011 | D:9      | Killed a two-headed ogre
  8047 | D:9      | Reached XP level 11. HP: 87/94 MP: 8/11
  8334 | D:9      | Reached skill level 5 in Dodging
  8505 | D:10     | Entered Level 10 of the Dungeon
  8505 | D:10     | Noticed Harold
  8516 | D:10     | Killed Harold
  8548 | D:10     | Found a hide-covered altar of Uskayaw.
  9384 | D:10     | Found Puitric's Jewellery Shop.
  9392 | D:10     | Bought a ring of resist corrosion for 220 gold pieces
  9392 | D:10     | Bought a +4 ring of protection for 396 gold pieces
  9642 | D:11     | Found a staircase to the Lair.
  9959 | D:11     | Identified a scroll of acquirement
  9963 | D:11     | Acquired a manual of Fighting
 10169 | D:11     | Reached skill level 9 in Fighting
 10304 | D:11     | Reached skill level 10 in Fighting
 10611 | D:11     | Bought a potion of haste for 180 gold pieces
 10611 | D:11     | Bought a potion of curing for 54 gold pieces
 10611 | D:11     | Bought a potion of heal wounds for 90 gold pieces
 10611 | D:11     | Bought 2 potions of berserk rage for 180 gold pieces
 10611 | D:11     | Bought a potion of might for 72 gold pieces
 10611 | D:11     | Bought a potion of curing for 54 gold pieces
 10611 | D:11     | Bought a potion of haste for 180 gold pieces
 10611 | D:11     | Bought a potion of curing for 54 gold pieces
 10717 | Lair:1   | Entered Level 1 of the Lair of Beasts
 10724 | Lair:1   | Identified the +5 quarterstaff of Qecouff {heavy, ^Drain
                  | rElec rN+ rCorr}
 10763 | Lair:1   | Reached skill level 11 in Fighting
 10819 | Lair:1   | Reached skill level 12 in Fighting
 10956 | Lair:1   | Reached skill level 13 in Fighting
 10967 | Lair:1   | Reached XP level 12. HP: 115/115 MP: 9/12
 11174 | Lair:1   | Reached skill level 14 in Fighting
 11976 | Lair:2   | Reached skill level 15 in Fighting
 12091 | Lair:2   | Reached skill level 16 in Fighting
 12364 | Lair:2   | Identified the +1 falchion of an ice cave {freeze, rC+
                  | Will+ MP-9 Int+4}
 12496 | Lair:2   | Found a staircase to the Snake Pit.
 12824 | Lair:2   | Reached skill level 17 in Fighting
 12909 | Lair:2   | Noticed Urug
 12924 | Lair:2   | Killed Urug
 13300 | Lair:3   | Found a staircase to the Swamp.
 13302 | Lair:3   | Noticed an eleionoma
 13311 | Lair:3   | Killed an eleionoma
 13479 | Lair:3   | Reached skill level 10 in Unarmed Combat
 13832 | Lair:3   | Reached XP level 13. HP: 132/132 MP: 10/13
 14436 | Lair:4   | Identified the +1 scimitar of the Shrinking Badger {elec,
                  | Str+5}
 14627 | Lair:4   | Found a staircase to the Slime Pits.
 14627 | Lair:4   | Found a viscous altar of Jiyva.
 15982 | Lair:5   | Entered Level 5 of the Lair of Beasts
 17337 | Lair:5   | Found a bloodstained altar of Trog.
 17337 | Lair:5   | Noticed Prival's ghost (journeyman DsCj)
 17357 | Lair:5   | Found a transporter.
 17364 | Lair:5   | Found a transporter.
 17604 | Lair:5   | Reached XP level 14. HP: 122/140 MP: 11/14
 18174 | Lair:5   | Bought a potion of heal wounds for 200 gold pieces
 18174 | Lair:5   | Bought a scroll labelled APONOI JYOHO for 40 gold pieces
 18174 | Lair:5   | Bought 2 scrolls of blinking for 600 gold pieces
 19149 | D:12     | Found a staircase to the Orcish Mines.
 19151 | D:12     | Noticed Maurice
 19170 | D:12     | Killed Maurice
 19820 | Orc:1    | Entered Level 1 of the Orcish Mines
 20217 | Orc:2    | Entered Level 2 of the Orcish Mines
 20230 | Orc:2    | Found Luarecuise's Mayhem Merchandise.
 20406 | Orc:2    | Reached skill level 10 in Dodging
 20417 | Orc:2    | Learned a level 2 spell: Blink
 20423 | Orc:2    | Learned a level 5 spell: Fireball
 20454 | Orc:2    | Found a staircase to the Elven Halls.
 20474 | Orc:2    | Reached skill level 1 in Conjurations
 20474 | Orc:2    | Reached skill level 1 in Translocations
 20756 | Orc:2    | Found Sautux's Antique Armour Boutique.
 20777 | Orc:2    | Found Faoxivun's Book Shop.
 20792 | Orc:2    | Found an ancient bone altar of Kikubaaqudgha.
 20793 | Orc:2    | Noticed Nergalle
 22121 | Orc:2    | Killed Nergalle
 22217 | Orc:2    | Paralysed by an orc sorcerer for 5 turns
 22360 | Orc:2    | Found a radiant altar of Vehumet.
 22400 | Orc:2    | Found Aterr's Distillery.
 22414 | Orc:2    | Found Dygeem's Antique Weapon Shop.
 22435 | Orc:2    | Bought a potion of resistance for 120 gold pieces
 22435 | Orc:2    | Bought a potion of curing for 36 gold pieces
 22435 | Orc:2    | Bought a potion of heal wounds for 60 gold pieces
 22435 | Orc:2    | Bought a potion of heal wounds for 60 gold pieces
 22435 | Orc:2    | Bought a potion of heal wounds for 60 gold pieces
 22493 | Orc:2    | Bought a slimy hat for 279 gold pieces
 22493 | Orc:2    | Identified the +2 hat of the First Realms {Dex+5} (You
                  | bought it in a shop on level 2 of the Orcish Mines)
 22900 | Snake:1  | Entered Level 1 of the Snake Pit
 22932 | Snake:1  | Reached skill level 1 in Spellcasting
 22938 | Snake:1  | Reached skill level 5 in Conjurations
 23354 | Snake:1  | Found a blossoming altar of Fedhas.
 23734 | Snake:1  | Reached skill level 1 in Fire Magic
 23963 | Snake:2  | Found an ancient bone altar of Kikubaaqudgha.
 23971 | Snake:2  | Noticed Jorgrun
 24673 | Snake:3  | Noticed a nagaraja
 24690 | Snake:3  | Killed a nagaraja
 24691 | Snake:3  | Reached XP level 15. HP: 105/147 MP: 13/20
 24990 | Snake:3  | Found a shadowy altar of Dithmenos.
 25921 | Snake:3  | Found a gateway to a bazaar.
 26217 | Snake:3  | Reached skill level 5 in Spellcasting
 26298 | Bazaar   | Entered a bazaar
 26298 | Bazaar   | Found Ziniypt's Armour Shoppe.
 26298 | Bazaar   | Found Goummi's Armour Boutique.
 26298 | Bazaar   | Found Apeysiox's Weapon Shoppe.
 26298 | Bazaar   | Found Jucun's Magic Scroll Shop.
 26381 | Bazaar   | Bought a scroll of teleportation for 30 gold pieces
 26381 | Bazaar   | Bought a scroll of fog for 40 gold pieces
 26381 | Bazaar   | Bought a scroll of teleportation for 30 gold pieces
 26381 | Bazaar   | Bought a scroll of enchant armour for 75 gold pieces
 26587 | Snake:4  | Entered Level 4 of the Snake Pit
 26592 | Snake:4  | Reached skill level 5 in Fire Magic
 27791 | Snake:4  | Noticed a nagaraja
 27822 | Snake:4  | HP: 4/176 [salamander tyrant (17)]
 27827 | Snake:4  | Mangled by a salamander tyrant

Illustrated notes

Levels and vault maps discovered:
D:1:      eino_arrival_water_star, layout_loops_cross, minmay_worlds_worst_comb
D:2:      layout_basic, hellmonk_ecumenical_altar_leap_of_faith
D:3:      layout_basic, nicolae_gozag_seed_capital,
          mainiacjoe_overflow_concentric_impassable
D:4:      layout_basic, marbit_many_paths, mainiacjoe_overflow_six_doors_small,
          lightli_ossuary_entry_decrepit_ruins, dreamdust_gnoll_farm
D:5:      layout_basic, uniq_pikel
D:6:      layout_cave_pods, nicolae_qazlal_general_emergency,
          serial_park_tiny_pond, st_stairs_5, sigmund_army
D:7:      layout_cave_pools, temple_fountains, uniq_maggie
D:8:      layout_cave_pools, grunt_temple_overflow_champion_of_chaos,
          serial_gnoll_camp, gnoll_camp_mini_hut, gnoll_camp_mini_basic,
          gnoll_camp_mini_doghouse, gnoll_camp_mini_basic, enter_bailey_4
D:9:      layout_big_octagon, serial_glass, glass_columns_a, glass_columns_a,
          minmay_strange_pillars, due_unseen_surprise
D:10:     layout_cave_pods, lemuel_crystal_altar, serial_rivers,
          chequers_serial_rivers_small_3, chequers_serial_rivers_micro_d,
          chequers_serial_rivers_micro_d, chequers_serial_rivers_marsh,
          serial_shops, shop, uniq_harold
D:11:     layout_cave_pods, erik_lair_orcish_takeover
D:12:     layout_irregular_city, orc_0_dummy, uniq_maurice
Lair:1:   layout_cellular_growth
Lair:2:   layout_cave_pods, guppyfry_snake_entry_garden, uniq_urug
Lair:3:   layout_chaotic_city, alex1729_swamp_entry_worm_eleionoma
Lair:4:   layout_roguey, slime_entry_1, infiniplex_staircase_pool_2
Lair:5:   gammafunk_lair_ancient_temple, layout_regular_city,
          gammafunk_ghost_wrathful_warriors, minmay_stone_trees_medium,
          lemuel_fruit_fields
Snake:1:  layout_honeycomb, basic_altar
Snake:2:  layout_onion, special_room, basic_altar, serial_shops, shop,
          nicolae_triple_integral, uniq_jorgrun, uniq_aizul
Snake:3:  layout_basic, serial_shops, bzr_entry_customers, basic_altar
Snake:4:  minmay_snake_end_coiled, layout_rooms, hangedman_snake_corridor_cut
Orc:1:    layout_diamond_mine
Orc:2:    kennysheep_orc_mage_school, layout_caves, minmay_shop_mayhem

Skill      XL: |  1  2  3  4  5  6  7  8  9 10 11 12 13 14 15 |
---------------+----------------------------------------------+-----
Fighting       | 2 3 4 5 7 8 13 17 | 17.2
Unarmed Combat | 4 5 6 7 9 10 14 | 14.0
Shapeshifting  | 4 7 13 | 13.4
Dodging        | 4 6 7 10 | 10.0
Conjurations   | 6 8 |  8.0
Translocations | 4 |  4.6
Spellcasting   | 3 6 |  6.1
Fire Magic     | 2 6 |  6.4

Action                     |  1- 3 |  4- 6 |  7- 9 | 10-12 | 13-15 || total
---------------------------+-------+-------+-------+-------+-------++-------
  Melee: Unarmed           |   119 |   137 |   124 |   658 |   828 ||  1866
         Tailslap          |    14 |    19 |    21 |       |       ||    54
         Punch             |     2 |     7 |     6 |       |     1 ||    16
         Constrict         |       |       |       |   144 |   175 ||   319
  Throw: Throwing net      |       |     1 |       |       |       ||     1
         Dart              |       |     1 |     4 |       |       ||     5
 Invoke: Call Merchant     |       |       |       |     1 |     1 ||     2
         Potion Petition   |       |       |       |       |     3 ||     3
         Bribe Branch      |       |       |       |       |     1 ||     1
Ability: Breathe Steam     |       |       |     5 |       |       ||     5
  Evoke: Wand              |       |       |       |       |     9 ||     9
    Use: Scroll            |       |     4 |     7 |    15 |    21 ||    47
         Potion            |       |     2 |     2 |     1 |    13 ||    18
   Stab: Distracted        |       |       |       |     3 |     3 ||     6
 Armour: Skin              |    42 |    53 |    71 |   431 |   606 ||  1203
  Dodge: Dodged            |    73 |   119 |    97 |   372 |   383 ||  1044
  Block: Other             |       |    55 |    25 |   253 |   234 ||   567
   Form: Serpent           |       |       |       |     1 |       ||     1
